 Dungeon Crawl Stone Soup version 0.23.2-1-ga50397a6bc (webtiles) character file.

Game seed: 16044031238175138810

73 NochnoyZador the Digger (level 4, 0/24 HPs)
             Began as a Gargoyle Earth Elementalist on May 1, 2019.
             Slain by a worm (2 damage)
             ... on level 3 of the Dungeon.
             The game lasted 00:09:34 (2611 turns).

NochnoyZador the Digger (GrEE)                      Turns: 2611, Time: 00:09:34

Health: 0/24       AC:  5    Str: 12    XL:     4   Next: 27%
Magic:  8/8        EV: 12    Int: 16    God:
Gold:   119        SH:  0    Dex: 10    Spells: 5/9 levels left

rFire    . . .     SeeInvis .   p - +3 dagger
rCold    . . .     Gourm    .   (no shield)
rNeg     + . .     Faith    .   c - +0 robe
rPois    ∞         Spirit   .   (no helmet)
rElec    +         Reflect  .   (no cloak)
rCorr    .         Harm     .   (no gloves)
MR       .....                  (no boots)
Stlth    ++........             (no amulet)
HPRegen  0.08/turn              k - ring of wizardry
MPRegen  0.11/turn              (no ring)

@: no status effects
A: negative energy resistance 1, electricity resistance, unbreathing,
petrification resistance, rot immunity, AC +3
a: no special abilities


You were on level 3 of the Dungeon.
You were not hungry.

You visited 1 branch of the dungeon, and saw 3 of its levels.

You collected 119 gold pieces.

Inventory:

Hand Weapons
 i - a +0 club
 p - a +3 dagger (weapon)
Missiles
 b - 100 stones (quivered)
 h - 7 poisoned tomahawks
Armour
 c - a +0 robe (worn)
Jewellery
 k - a ring of wizardry (left hand)
Scrolls
 e - a scroll of enchant armour {unknown}
 f - a scroll of enchant weapon {unknown}
 g - 2 scrolls of teleportation {unknown}
 l - 4 scrolls of identify {unknown}
 m - a scroll of noise {unknown}
 o - a scroll of fear {unknown}
 q - 2 scrolls of remove curse {unknown}
 t - a scroll of amnesia {unknown}
Potions
 a - a potion of experience {unknown}
 j - a potion of heal wounds {unknown}
 n - a potion of haste {unknown}
 r - a potion of brilliance {unknown}
 u - a potion of curing {unknown}
Comestibles
 d - 4 rations
 s - 2 chunks of flesh


   Skills:
 - Level 1.5 Dodging
 - Level 2.1 Stealth
 * Level 3.0 Spellcasting
 * Level 1.4 Conjurations
   Level 0.7 Transmutations
 * Level 4.7 Earth Magic


You had 5 spell levels left.
You knew the following spells:

 Your Spells              Type           Power        Failure   Level  Hunger
a - Sandblast             Erth           ###...       1%          1    #......
b - Stone Arrow           Conj/Erth      ##....       6%          3    ###....

Your spell library contained the following spells:

 Spells                   Type           Power        Failure   Level  Hunger
 Passwall                 Tmut/Erth      ##......     3%          2    ##.....
 Petrify                  Tmut/Erth      ##......     24%         4    #####..
 Lee's Rapid Deconstruct  Erth           ###.......   28%         5    ######.


Dungeon Overview and Level Annotations

Branches:
Dungeon (3/15)

Altars:
Ashenzari
Ru
Wu Jian


Innate Abilities, Weirdness & Mutations

You are resistant to torment.
Your stone body is resilient. (AC +3)
You are immune to poison.
You resist negative energy. (rN+)
You are resistant to electric shocks. (rElec)
You can survive without breathing.
You are immune to petrification.
You are immune to rotting.


Message History

You hit the worm.
The worm is severely wounded.
The worm barely misses you.
You barely miss the worm.
The worm is severely wounded.
The worm closely misses you.
You hit the worm.
The worm is almost dead.
You hit the worm but do no damage.
The worm is almost dead.
The kobold unwields a +0 blowgun.
The kobold wields a +0 whip.
The kobold closely misses you. The worm misses you.
You barely miss the worm.
The worm is severely wounded.
The kobold hits you with a +0 whip.
* * * LOW HITPOINT WARNING * * *
You barely miss the worm.
The worm is severely wounded.
The worm bites you.
You die...

...... .#### !K ..... ....##.
#...# ..#... #.#.## #.#..
#....########...##
#...........#....#
##..............).#
#............Kw# #.#).........#@#
## #.#............#..#
#.#...........)...#
#.#..........###..#
###.##..............#
.................####
.(...........##.########## ###
.............#...........###.####
.................................


You could see a worm and a kobold.

Vanquished Creatures
  An adder (D:2)
  2 worms (D:2)
  A dart slug (D:3)
  A leopard gecko (D:1)
  An orc (D:3)
  6 bats
  4 giant cockroaches
  4 goblins
  4 hobgoblins
  4 jackals (D:2)
  13 kobolds
  2 ball pythons
  A frilled lizard (D:1)
  12 rats
56 creatures vanquished.

Notes
Turn   | Place    | Note
-------+----------+-------------------------------------------
     0 | D:1      | NochnoyZador the Gargoyle Earth Elementalist began the
                  | quest for the Orb.
     0 | D:1      | Reached XP level 1. HP: 10/10 MP: 3/3
   417 | D:1      | Reached skill level 4 in Earth Magic
   417 | D:1      | Reached XP level 2. HP: 9/15 MP: 5/5
   774 | D:1      | You fall through a shaft!
   783 | D:2      | Found a shattered altar of Ashenzari.
   993 | D:1      | Reached XP level 3. HP: 19/19 MP: 6/6
   999 | D:1      | Learned a level 3 spell: Stone Arrow
  1229 | D:2      | Found a sacrificial altar of Ru.
  1511 | D:2      | Reached skill level 1 in Conjurations
  1930 | D:2      | Reached XP level 4. HP: 4/24 MP: 8/8
  2439 | D:3      | Found an ornate altar of the Wu Jian Council.
  2611 | D:3      | Slain by a worm

Skill      XL: |  1  2  3  4 |
---------------+-------------+-----
Earth Magic    | 4 |  4.7
Conjurations   | 1 |  1.4
Spellcasting   | 3 |  3.0
Dodging        | |  1.5
Stealth        | |  2.1
Transmutations | |  0.7

Action                   |  1- 3 |  4- 6 || total
-------------------------+-------+-------++-------
Melee: Unarmed           |    94 |       ||    94
       Club              |    35 |       ||    35
       Dagger            |    69 |    44 ||   113
 Stab: Sleeping          |     8 |       ||     8
  Eat: Chunk             |     3 |     3 ||     6
Armor: Robe              |    69 |     8 ||    77
Dodge: Dodged            |   111 |    25 ||   136
